 Dungeon Crawl Stone Soup version 0.31-a0-210-gccc998df9b (webtiles) character file.

Game seed: 4597634783246660717

280095 gyole the Unseen (level 21, -2/93 (130) HPs)
             Began as a Kobold Delver on June 30, 2023.
             Was an Initiate of Gozag.
             Slain by a +4 war axe of draining (5 damage)
             ... on level 1 of the Elven Halls.
             The game lasted 03:17:06 (57109 turns).

gyole the Unseen (Kobold Delver)                   Turns: 57109, Time: 03:17:06

HP:   -2/93 (130)   AC: 17    Str:  7    XL:     21   Next: 33%
MP:   0/35          EV: 25    Int: 24    God:    Gozag
Gold: 2496          SH:  6    Dex: 18    Spells: 11/40 levels left

rFire   + + +        a - +7 captain's cutlass {speed, disarm}
rCold   + . .        w - +0 buckler
rNeg    . . .        e - +7 leather armour of Lynkum {rF+}
rPois   .            D - +0 helmet "Hynafoix" {Str-3 Dex+2 Stlth+}
rElec   +            L - scarf {repulsion}
rCorr   .            B - +2 pair of gloves
SInv    +            N - +1 pair of boots
Will    +....        i - amulet "Bumoyjo" {Spirit rF++ rC+}
Stlth   ++++++++++   s - ring of the Smoking King {SInv Stlth+}
HPRegen 0.35/turn    q - ring "Wetzu" {Fly rElec Int+6 Dex-4}
MPRegen 0.24/turn

%: repel missiles, guardian spirit
@: about to teleport, flying, very slightly contaminated, very heavily drained
A: small, no large weapons, nightstalker 3
}: 2/15 runes: barnacled, gossamer
a: Renounce Religion, Potion Petition, Call Merchant, Bribe Branch


You were on level 1 of the Elven Halls.
You worshipped Gozag.
Gozag was most pleased with you.
You visited 9 branches of the dungeon, and saw 35 of its levels.
You also visited: Ossuary, Gauntlet and Ice Cave.

You collected 13898 gold pieces.
You spent 5913 gold pieces at shops.
You paid 5489 gold pieces to Gozag.

Inventory:

Hand Weapons
 a - the +7 captain's cutlass (weapon) {speed, disarm}
   (You bought it in a shop on level 15 of the Dungeon)
 b - a +2 spectral demon blade
 Y - a +0 dagger of distortion
Missiles
 n - 14 curare-tipped darts (quivered)
 u - 6 atropa-tipped darts
 G - 3 throwing nets
Armour
 e - the +7 leather armour of Lynkum (worn) {rF+}
   (You found it on level 7 of the Dungeon)

   rF:        It protects you from fire.
 t - a scarf of resistance
 w - a +0 buckler (worn)
 B - a +2 pair of gloves (worn)
 D - the +0 helmet "Hynafoix" (worn) {Str-3 Dex+2 Stlth+}
   (You bought it in a shop on level 2 of the Orcish Mines)

   Str:       It affects your strength (-3).
   Dex:       It affects your dexterity (+2).
   Stlth:     It makes you more stealthy.
 L - a scarf of repulsion (worn)
 N - a +1 pair of boots (worn)
 O - an orb of mayhem
Jewellery
 i - the amulet "Bumoyjo" (around neck) {Spirit rF++ rC+}
   (You acquired it on level 1 of the Elven Halls)

   [amulet of guardian spirit]

   It causes incoming damage to be divided between your reserves of health and
   magic.
   rF:        It greatly protects you from fire.
   rC:        It protects you from cold.
 o - the ring of Conformity {rElec rPois SInv}
   (You found it on level 3 of the Shoals)

   [ring of poison resistance]

   rElec:     It insulates you from electricity.
   rPois:     It protects you from poison.
   SInv:      It lets you see invisible.
 q - the ring "Wetzu" (right hand) {Fly rElec Int+6 Dex-4}
   (You bought it in a shop on level 15 of the Dungeon)

   [ring of intelligence]

   Int:       It affects your intelligence (+6).
   Dex:       It affects your dexterity (-4).
   rElec:     It insulates you from electricity.
   Fly:       It grants you flight.
 s - the ring of the Smoking King (left hand) {SInv Stlth+}
   (You found it in a Gauntlet)

   [ring of see invisible]

   SInv:      It lets you see invisible.
   Stlth:     It makes you more stealthy.
 E - the amulet "Coerypt" {rElec Regen+ Str+4 Dex+3 Stlth-}
   (You found it in an ice cave)

   [amulet of regeneration]

   Str:       It affects your strength (+4).
   Dex:       It affects your dexterity (+3).
   rElec:     It insulates you from electricity.
   Regen:     It increases your rate of health regeneration.
   Stlth:     It makes you less stealthy.
 Q - a ring of resist corrosion
 S - a ring of protection from cold
 Z - a ring of protection from fire
Wands
 g - a wand of digging (9)
 y - a wand of charming (3)
 J - a wand of quicksilver (9)
 T - a wand of flame (18)
 W - a wand of iceblast (15)
Scrolls
 c - 8 scrolls of fog
 d - 7 scrolls of revelation
 h - 14 scrolls of teleportation
 l - 3 scrolls of poison
 p - 2 scrolls of silence
 x - 4 scrolls of fear
 K - 5 scrolls of vulnerability
 M - 3 scrolls of butterflies
 P - 4 scrolls of blinking
Potions
 f - 6 potions of brilliance
 j - 4 potions of might
 k - 7 potions of curing
 m - 5 potions of berserk rage
 r - 3 potions of ambrosia
 v - 3 potions of heal wounds
 z - a potion of resistance
 A - 2 potions of enlightenment
 F - 2 potions of haste
 R - a potion of invisibility
 U - 8 potions of cancellation
 V - 4 potions of magic
 X - 6 potions of attraction
Miscellaneous
 C - a condenser vane
 H - a lightning rod (4/4)
 I - a sack of spiders


   Skills:
 + Level 13.4 Fighting
 - Level 9.8(15.2) Short Blades
 * Level 12.3(12.9) Long Blades
 - Level 6.0 Throwing
 - Level 5.0 Armour
 + Level 17.4 Dodging
 + Level 17.7 Stealth
 + Level 5.1 Shields
 + Level 10.2 Spellcasting
 - Level 4.2 Conjurations
 - Level 9.1 Hexes
 + Level 10.1 Summonings
 + Level 5.2 Translocations
 - Level 7.6 Transmutations
 - Level 5.0 Air Magic
 - Level 1.6 Earth Magic
 + Level 13.5 Evocations


You had 11 spell levels left.
You knew the following spells:

 Your Spells              Type           Power      Damage    Failure   Level
a - Apportation           Tloc           74%        N/A       1%          1
b - Passwall              Tmut/Erth      28%        N/A       2%          2
c - Swiftness             Air            36%        N/A       4%          3
d - Vhi's Electric Charg  Tloc/Air       72%        N/A       4%          3
e - Summon Mana Viper     Hex/Summ       55%        N/A       6%          5
f - Yara's Violent Unrav  Hex/Tmut       25%        3d11      10%         5
g - Summon Cactus Giant   Summ           28%        N/A       26%         6
h - Summon Ice Beast      Ice/Summ       36%        N/A       14%         4

Your spell library contained the following spells:

 Spells                   Type           Power      Damage    Failure   Level
 Magic Dart               Conj           100%       1d8       1%          1
 Shock                    Conj/Air       100%       1d9       1%          1
 Summon Small Mammal      Summ           100%       N/A       1%          1
 Call Imp                 Summ           100%       N/A       1%          2
 Lesser Beckoning         Tloc           74%        N/A       1%          2
 Call Canine Familiar     Summ           57%        N/A       1%          3
 Portal Projectile        Hex/Tloc       92%        N/A       1%          3
 Summon Guardian Golem    Hex/Summ       55%        N/A       1%          3
 Ensorcelled Hibernation  Hex/Ice        68%        N/A       2%          2
 Dazzling Flash           Conj/Hex       88%        N/A       2%          3
 Gell's Gravitas          Tloc           37%        N/A       4%          3
 Teleport Other           Tloc           37%        N/A       4%          3
 Inner Flame              Hex/Fire       34%        N/A       5%          3
 Sandblast                Erth           40%        2d10      6%          1
 Spider Form              Tmut/Pois      30%        N/A       7%          3
 Cigotuvi's Dreadful Rot  Necr/Pois/Air  40%        N/A       9%          2
 Mephitic Cloud           Conj/Pois/Air  27%        N/A       10%         3
 Stone Arrow              Conj/Erth      52%        3d10      10%         3
 Freeze                   Ice            48%        1d6       12%         1
 Necrotise                Necr           48%        1d6       12%         1
 Ignite Poison            Fire/Tmut/Pois 24%        N/A       12%         3
 Volatile Blastmotes      Fire/Tloc      48%        2d14      12%         3
 Leda's Liquefaction      Hex/Erth       19%        N/A       12%         4
 Manifold Assault         Tloc           37%        N/A       13%         4
 Hailstorm                Conj/Ice       22%        3d7       14%         3
 Airstrike                Air            18%        2d(3-19)  14%         4
 Iskenderun's Mystic Bla  Conj/Tloc      35%        2d8       16%         4
 Scorch                   Fire           24%        2d6       17%         2
 Anguish                  Hex/Necr       17%        N/A       17%         4
 Ice Form                 Ice/Tmut       30%        N/A       24%         4
 Frozen Ramparts          Ice            24%        1d4       34%         3
 Ozocubu's Armour         Ice            12%        N/A       34%         3
 Flame Wave               Conj/Fire      22%        2d8       43%         4
 Sticky Flame             Conj/Fire      22%        2d4       43%         4
 Arcjolt                  Conj/Air       17%        1d27      43%         5
 Metabolic Englaciation   Hex/Ice        17%        N/A       43%         5
 Monstrous Menagerie      Summ           28%        N/A       83%         7
 Dispersal                Tloc           18%        N/A       90%         6
 Enfeeble                 Hex            27%        N/A       92%         7
 Death Channel            Necr           6%         N/A       100%        6
 Starburst                Conj/Fire      11%        6d5       100%        6
 Borgnjor's Revivificati  Necr           6%         N/A       100%        8
 Disjunction              Tloc           18%        N/A       100%        8
 Ignition                 Fire           6%         3d4       100%        8
 Maxwell's Capacitive Co  Air            18%        ∞         100%        8
 Simulacrum               Ice/Necr       Unusable   N/A       N/A         6

Dungeon Overview and Level Annotations

Branches:
Dungeon (15/15)            Temple (1/1) D:4            Lair (5/5) D:9
 Shoals (4/4) Lair:3       Spider (4/4) Lair:3        Slime (1/5) Lair:4
    Orc (2/2) D:11            Elf (2/3) Orc:2        Vaults (1/5) D:13
 Depths (0/4) D:15        Ossuary (visited)           IceCv (visited)
Gauntlet (visited)

Altars:
Ashenzari
Cheibriados
Dithmenos
Elyvilon
Fedhas
Gozag
Hepliaklqana
Kikubaaqudgha
Makhleb
Nemelex Xobeh
Okawaru
Qazlal
Ru
Sif Muna
Trog
Uskayaw
Vehumet
Wu Jian
Xom
Yredelemnul
Zin
The Shining One

Shops:
D:3 :   D:4 [=   D:12 [   D:14 ?   D:15 =([*(*   Orc:1 **([   Orc:2 [:(*


Innate Abilities, Weirdness & Mutations

You are small and have problems with some larger weapons.
You are completely attuned to the shadows.


Message History

Your mana viper bites the +4 war axe of draining but does no damage.
The +4 war axe of draining attacks as you move away!
The +4 war axe of draining closely misses you.
The +4 war axe of draining hits you!!
You feel drained.
The +4 war axe of draining attacks as you move away!
The +4 war axe of draining hits you but does no damage.
You feel drained.
The +4 war axe of draining attacks as you move away!
The +4 war axe of draining barely misses you.
You block the +4 war axe of draining's attack.
There is a stone staircase leading up here.
The +4 war axe of draining hits you!
You feel drained.
You fly upwards.
There is a stone staircase leading down here.
Unknown command.
Casting: Summon Mana Viper (dangerous; 6% risk of failure)
Confirm with . or Enter, or press ? or * to list all spells.
You miscast Summon Mana Viper.
Desperate hands claw out at you.
A nameless horror comes into view.
The +4 war axe of draining misses you. The +4 war axe of draining hits you!
You feel drained.
Casting: Summon Mana Viper (dangerous; 6% risk of failure)
Confirm with . or Enter, or press ? or * to list all spells.
A chill wind blows around you. The +4 war axe of draining hits you!
* * * LOW HITPOINT WARNING * * *
You feel drained.
* * * LOW HITPOINT WARNING * * *
Send 'em back where they came from!
Your ice beast shudders.
As you read the scroll of teleportation, it crumbles to dust.
You feel strangely unstable.
You block the +4 war axe of draining's attack.
The nameless horror hits you but does no damage.
Your ice beast hits the nameless horror but does no damage.
Unknown command.
The +4 war axe of draining hits you!
* * * LOW HITPOINT WARNING * * *
You feel drained.
You die...
Your body crumbles into a pile of gold.

#.......##.......## #.# ###
#.......#..#####..# #.######
#......##.##...##.## #.......
##.....#...........# ##......
##...##..#.....#..##########
##..#..##.♣.♣.##..##.♣.####
#..#..#..YX...#..#.....#..
##....#...(...#..'..>.♣#..
###..#..@....#..#..)..#..
#..##.♣.♣.##..##.♣.##..
##..#.....#..#######...
#........[..##........
##.##...##.###.......#
#########..#####..# #......##
#.......##.))[...######......
#.......###p.)[[##.###.......
##....>.'.###)###...##.......


You could see a nameless horror (ally target), a +4 war axe of draining and a
friendly ice beast (summoned).

Vanquished Creatures
  Saint Roka (Elf:2)
  A tentacled monstrosity (D:13)
  Rupert (Lair:5)
  Jorgrun (Elf:1)
  Asterion (Spider:2)
  A kraken (Shoals:4)
  Polyphemus (Shoals:4)
  Kirke (Elf:1)
  Donald (Elf:1)
  2 ghost moths (Spider:4)
  6 emperor scorpions (Spider:4)
  The ghost of Conn the Thaumaturge, a journeyman OpFE of Sif Muna (Shoals:1)
  An orc warlord (Orc:1)
  A formless jellyfish (Shoals:4)
  5 broodmothers
  4 dire elephants
  A minotaur (Gauntlet)
  4 spark wasps
  A deep elf death mage (Elf:1)
  8 merfolk impalers
  4 merfolk javelineers
  Snorg (Orc:1)
  2 ettins
  An entropy weaver (Spider:2)
  Harold (Orc:1)
  An ice dragon (Lair:5)
  Erolcha (D:9)
  2 hydras (Lair:4)
  A vault guard (D:13)
  11 centaur warriors
  2 alligator snapping turtles
  A jorogumo (Spider:4)
  3 merfolk aquamancers (Shoals:4)
  4 merfolk avatars
  Erica (D:11)
  2 ogre magi (D:15)
  3 catoblepae
  10 two-headed ogres
  5 boulder beetles
  A satyr (Shoals:2)
  3 dancing weapons (Elf:1)
  6 death yaks
  3 tengu warriors
  2 orc high priests
  6 demonic crawlers
  Nergalle (D:10)
  4 skysharks
  6 deep elf knights
  5 pharaoh ants
  2 sun moths
  Amaemon (Lair:3)
  2 deep trolls (D:15)
  5 sea snakes
  4 orb spiders
  5 deep elf zephyrmancers (Elf:1)
  4 necromancers
  13 harpies
  5 steelbarb worms
  4 lindwurms
  9 deep elf archers (Elf:1)
  4 orc sorcerers
  6 orc knights
  23 deep elf pyromancers
  8 wolf spiders
  13 ugly things
  18 manticores
  9 fauns
  5 cyclopes
  9 merfolk sirens
  28 elephants
  8 torpor snails
  A vault sentinel (Vaults:1)
  3 ice statues (IceCv)
  3 water nymphs
  7 black mambas
  An orange demon (Lair:3)
  A gargoyle (D:11)
  7 rime drakes
  8 cane toads
  4 unseen horrors
  A rime drake (shapeshifter) (D:15)
  3 freezing wraiths
  7 kobold demonologists
  7 komodo dragons
  2 tengu conjurers
  An anaconda simulacrum (IceCv)
  An ice devil (D:11)
  5 trolls
  A polar bear (Lair:4)
  20 merfolk
  4 tyrant leeches (Lair:5)
  9 tarantellas
  6 meliai (D:14)
  9 hornets
  A tarantella (shapeshifter) (D:15)
  5 wind drakes
  16 blink frogs
  6 dream sheep
  8 snapping turtles
  18 jumping spiders
  A shadow (D:12)
  12 culicivoras
  4 flying skulls (Gauntlet)
  A vampire (D:13)
  2 dire elephant simulacra (IceCv)
  A wraith (D:11)
  8 wyverns
  2 hogs (Elf:1)
  2 water elementals
  30 yaks
  4 fire elementals
  14 humans
  5 steam dragons
  18 vampire mosquitoes
  3 basilisks
  A neqoxec (D:13)
  49 redbacks
  Menkaure (D:6)
  2 wargs
  A harpy simulacrum (IceCv)
  6 nameless horrors
  19 water moccasins
  3 acid dragons
  A sky beast (shapeshifter) (D:13)
  2 ice beasts (D:5)
  12 ogres
  21 orc warriors
  4 black bears
  20 centaurs
  2 large abominations (Elf:1)
  26 wolves
  3 kobold brigands
  9 bullfrogs
  An elf zombie (Elf:1)
  A gnoll sergeant (D:8)
  A cane toad simulacrum (IceCv)
  10 scorpions
  4 wights
  An elephant simulacrum (IceCv)
  4 howler monkeys
  A vampire bat (D:10)
  A gnoll bouda (D:4)
  2 hounds
  2 jellies
  17 orc priests
  An iron imp (D:4)
  Jessica (D:2)
  6 iguanas
  21 orc wizards
  3 sleepcaps
  6 hell rats (Lair:5)
  A polar bear simulacrum (IceCv)
  A wolf simulacrum (IceCv)
  3 mummies (Ossuary)
  14 gnolls
  5 adders
  11 river rats (Lair:5)
  A shadow imp (D:5)
  15 white imps
  An adder zombie (Ossuary)
  5 worms
  2 dart slugs
  73 orcs
  5 ball pythons
  11 endoplasms
  5 giant cockroaches
  7 hobgoblins
  8 jackals
  5 quokkas
  14 bats
  3 frilled lizards
  6 goblins
  2 goblin zombies (Ossuary)
  5 hobgoblin zombies (Ossuary)
  19 kobolds
  2 kobold zombies (Ossuary)
  6 quokka zombies
  8 rats
  4 rat zombies
  2 tentacles (Shoals:4)
1102 creatures vanquished.

Vanquished Creatures (collateral kills)
  A broodmother (Spider:1)
  A formless jellyfish (Shoals:3)
  A deep elf death mage (Elf:1)
  A merfolk javelineer (Shoals:1)
  2 merfolk impalers
  The ghost of Keipuchu the Blocker, a journeyman OpFi of Zin (D:13)
  The ghost of Dustruala the Basher, a journeyman GrFi of Hepliaklqana (Orc:1)
  An alligator snapping turtle (Shoals:2)
  A radroach (Spider:4)
  2 dancing weapons (Elf:1)
  2 merfolk avatars (Shoals:3)
  A death yak (Shoals:4)
  A two-headed ogre (D:15)
  A deep elf knight (Elf:1)
  2 skysharks
  2 pharaoh ants (Spider:3)
  2 orb spiders
  4 sea snakes
  A deep elf archer (Elf:1)
  A harpy (shapeshifter) (D:13)
  3 steelbarb worms
  3 deep elf pyromancers (Elf:1)
  A harpy (Shoals:4)
  A deep elf zephyrmancer (Elf:1)
  2 fauns (Shoals:2)
  2 wolf spiders
  2 manticores
  2 ugly things (D:13)
  A salamander (shapeshifter) (D:13)
  A guardian serpent (shapeshifter) (D:13)
  2 water nymphs
  A torpor snail (Spider:4)
  A gargoyle (D:11)
  A nameless horror (Elf:1)
  6 merfolk
  4 tarantellas
  2 snapping turtles (Shoals:4)
  4 jumping spiders
  A water elemental (Shoals:4)
  5 culicivoras
  6 redbacks
  A fire elemental (D:11)
  A neqoxec (D:13)
  A warg (Elf:2)
  A warg (shapeshifter) (D:13)
  3 orc warriors (Elf:2)
  2 ogres
  An elf zombie (Elf:1)
  An orc priest (Elf:2)
  4 orcs (Elf:2)
  A bat (shapeshifter) (D:13)
96 creatures vanquished.

Vanquished Creatures (others)
  A merfolk impaler (Shoals:4)
  A faun (Shoals:2)
  A redback (Spider:1)
  A warg (Orc:2)
  An orc warrior (Orc:2)
  A wolf (Lair:5)
  An orc wizard (Orc:2)
  A spectral weapon (Shoals:2)
  8 tentacles (Shoals:4)
16 creatures vanquished.

Grand Total: 1214 creatures vanquished

Notes
Turn   | Place    | Note
-------+----------+-------------------------------------------
     0 | D:5      | gyole the Kobold Delver began the quest for the Orb.
     0 | D:5      | Reached XP level 1. HP: 14/14 MP: 1/1
    21 | D:6      | Noticed an iguana
    25 | D:6      | Noticed a sleepcap
    26 | D:6      | Killed an iguana
    27 | D:6      | Reached XP level 2. HP: 19/19 MP: 2/2
    27 | D:6      | Reached XP level 3. HP: 23/23 MP: 3/3
    27 | D:6      | Noticed a black bear
    30 | D:6      | Killed a black bear
    31 | D:6      | Reached XP level 4. HP: 29/29 MP: 4/4
    31 | D:6      | Reached XP level 5. HP: 33/33 MP: 5/5
    33 | D:6      | Found a broken altar of Ashenzari.
    68 | D:6      | Noticed a kobold brigand
   209 | D:5      | Noticed an ice beast
   211 | D:5      | Noticed a bullfrog
   211 | D:5      | Noticed a centaur
   213 | D:5      | Killed an ice beast
   214 | D:5      | Reached XP level 6. HP: 39/39 MP: 6/6
   248 | D:5      | Reached skill level 5 in Short Blades
   272 | D:4      | Found a snail-covered altar of Cheibriados.
   276 | D:4      | Reached XP level 7. HP: 9/44 MP: 7/7
   492 | D:4      | Found Ezan's Antique Armour Emporium.
   553 | D:4      | Found a staircase to the Ecumenical Temple.
   559 | Temple   | Entered the Ecumenical Temple
   716 | D:3      | Found Gyredano's Book Shoppe.
  1282 | D:1      | Reached skill level 5 in Fighting
  2689 | Temple   | Became a worshipper of Gozag Ym Sagoz the Greedy
  2923 | D:2      | Noticed Jessica
  2926 | D:2      | Killed Jessica
  3475 | D:3      | Reached skill level 5 in Dodging
  3812 | D:3      | Found a faded altar of an unknown god.
  4086 | D:3      | Bought a book of Geomancy for 198 gold pieces
  4089 | D:3      | Learned a level 2 spell: Passwall
  4476 | D:4      | Found a sparkling altar of Nemelex Xobeh.
  4489 | D:4      | Found Nol Emp's Jewellery Emporium.
  5071 | D:5      | Reached skill level 1 in Transmutations
  5071 | D:5      | Reached XP level 8. HP: 43/50 MP: 8/8
  5093 | D:5      | Reached skill level 1 in Throwing
  5157 | D:5      | Reached skill level 1 in Evocations
  5296 | D:4      | Reached skill level 1 in Earth Magic
  5373 | D:4      | Bought a pair of runed gloves for 195 gold pieces
  7262 | D:4      | Bought a ring of see invisible for 195 gold pieces
  7328 | D:5      | Learned a level 1 spell: Shock
  7493 | D:5      | Reached XP level 9. HP: 54/55 MP: 9/9
  7759 | D:6      | Found a large runed translucent door.
  7760 | D:6      | Found a large runed translucent door.
  7768 | D:6      | Found a shimmering blue altar of Sif Muna.
  7782 | D:6      | Found a glowing silver altar of Zin.
  7838 | D:6      | Found a white marble altar of Elyvilon.
  8288 | D:6      | Reached skill level 1 in Conjurations
  8288 | D:6      | Reached skill level 1 in Air Magic
  8586 | D:7      | Identified the +7 leather armour of Lynkum {rF+}
  9034 | D:7      | Reached skill level 1 in Armour
  9038 | D:7      | Noticed Menkaure
  9219 | D:6      | Killed Menkaure
  9564 | D:7      | Reached XP level 10. HP: 61/61 MP: 10/10
  9739 | D:7      | Found an ancient bone altar of Kikubaaqudgha.
  9851 | D:7      | Found a glowing golden altar of the Shining One.
  9939 | D:4      | Bought a ring of wizardry for 390 gold pieces
 10275 | D:8      | Found a sand-covered staircase.
 10298 | Ossuary  | Entered an ossuary
 10627 | D:8      | Learned a level 3 spell: Swiftness
 10631 | D:8      | Learned a level 3 spell: Call Canine Familiar
 11178 | D:9      | Reached skill level 10 in Stealth
 11257 | D:8      | Reached skill level 1 in Summonings
 11605 | D:9      | Identified the +4 scale mail of Distant Shores {-Cast rPois
                  | rCorr}
 11648 | D:9      | Noticed a kobold demonologist
 11652 | D:9      | Killed a kobold demonologist
 12585 | D:9      | Noticed a two-headed ogre
 12604 | D:9      | Killed a two-headed ogre
 12605 | D:9      | Reached XP level 11. HP: 67/67 MP: 11/11
 12725 | D:9      | Noticed Erolcha
 12728 | D:9      | Killed Erolcha
 12729 | D:9      | Reached skill level 5 in Evocations
 12845 | D:9      | Found a staircase to the Lair.
 13086 | D:10     | Entered Level 10 of the Dungeon
 13819 | D:10     | Identified the +3 war axe of Qeselo {heavy, rF+}
 13926 | D:10     | Noticed a two-headed ogre
 13930 | D:10     | Killed a two-headed ogre
 14197 | D:10     | Noticed Nergalle
 14206 | D:10     | Killed Nergalle
 14703 | D:3      | Bought Maxwell's Memoranda for 418 gold pieces
 15150 | D:11     | Reached skill level 1 in Spellcasting
 15216 | D:11     | Noticed a deep elf pyromancer
 15219 | D:11     | Killed a deep elf pyromancer
 15394 | D:11     | Reached XP level 12. HP: 73/73 MP: 13/13
 15780 | D:11     | Noticed a two-headed ogre
 15786 | D:11     | Killed a two-headed ogre
 15910 | D:11     | Noticed Erica
 15914 | D:11     | Killed Erica
 16077 | D:11     | Found a staircase to the Orcish Mines.
 16411 | D:11     | Reached skill level 5 in Throwing
 16413 | D:11     | Reached skill level 5 in Air Magic
 16572 | D:12     | Found Setih's Armour Emporium.
 16589 | D:12     | Learned a level 3 spell: Vhi's Electric Charge
 16734 | D:12     | Reached skill level 1 in Long Blades
 17020 | D:12     | Noticed a two-headed ogre
 17024 | D:12     | Killed a two-headed ogre
 17140 | D:12     | Reached skill level 1 in Translocations
 17480 | D:12     | Noticed a soul eater
 17854 | Orc:1    | Entered Level 1 of the Orcish Mines
 18027 | Orc:1    | Found Cuifriash's Assorted Antiques.
 18055 | Orc:1    | Found Meryrch's Weapon Emporium.
 18080 | Orc:1    | Bought a dark potion for 17 gold pieces
 18182 | Orc:1    | Bought a potion of heal wounds for 95 gold pieces
 18247 | Orc:1    | Found Neawigra's Antique Armour Emporium.
 18407 | Orc:1    | Found Ryawujic's General Store.
 18419 | Orc:1    | Bought a potion of attraction for 39 gold pieces
 18419 | Orc:1    | Bought a scroll of identify for 26 gold pieces
 18426 | Orc:1    | Noticed Dustruala's ghost (journeyman GrFi)
 18432 | Orc:1    | Found a runed translucent door.
 18433 | Orc:1    | Noticed an ettin
 18437 | Orc:1    | Killed an ettin
 18438 | Orc:1    | Reached XP level 13. HP: 79/79 MP: 17/17
 18442 | Orc:1    | Noticed Harold
 18447 | Orc:1    | Killed Harold
 18507 | Orc:1    | Reached skill level 5 in Summonings
 19053 | Orc:2    | Entered Level 2 of the Orcish Mines
 19053 | Orc:2    | Noticed Snorg
 19068 | Orc:1    | Killed Snorg
 19922 | Orc:2    | Found a staircase to the Elven Halls.
 19951 | Orc:2    | Noticed an orc warlord
 20103 | Orc:1    | Killed an orc warlord
 20127 | Orc:2    | Learned a level 5 spell: Yara's Violent Unravelling
 21932 | Orc:2    | Reached skill level 1 in Hexes
 22200 | Orc:2    | Found Uxumy's General Store.
 22214 | Orc:2    | Bought a potion of enlightenment for 75 gold pieces
 22214 | Orc:2    | Bought a scroll of blinking for 112 gold pieces
 22327 | Orc:2    | Found Zyzea's Antique Weapon Boutique.
 22387 | Orc:2    | Found Sigejorph's Book Boutique.
 22404 | Orc:2    | Found Pesoriru's Antique Armour Boutique.
 22409 | Orc:2    | Bought a pitted helmet for 228 gold pieces
 22409 | Orc:2    | Identified the +0 helmet "Hynafoix" {Str-3 Dex+2 Stlth+}
                  | (You bought it in a shop on level 2 of the Orcish Mines)
 22436 | Orc:2    | Bought a manual of Dodging for 1280 gold pieces
 22780 | D:13     | Found a runed translucent gate.
 22781 | D:13     | Found a runed translucent gate.
 22782 | D:13     | Found a runed translucent gate.
 22886 | D:13     | Noticed a centaur warrior
 23019 | D:12     | Killed a centaur warrior
 23165 | D:12     | Reached skill level 10 in Dodging
 23379 | D:13     | Reached skill level 5 in Transmutations
 23605 | D:13     | Reached XP level 14. HP: 86/86 MP: 21/21
 24295 | D:13     | Found a gate to the Vaults.
 24645 | D:14     | Reached skill level 5 in Spellcasting
 25627 | D:14     | Found Bibuzuta's Magic Scroll Shoppe.
 25632 | D:14     | Bought a scroll of revelation for 105 gold pieces
 25632 | D:14     | Bought a scroll of fog for 56 gold pieces
 25632 | D:14     | Bought a scroll of identify for 28 gold pieces
 25632 | D:14     | Bought a scroll of revelation for 105 gold pieces
 25632 | D:14     | Bought a scroll of blinking for 105 gold pieces
 25674 | D:14     | Reached skill level 5 in Long Blades
 25678 | D:14     | Reached skill level 10 in Fighting
 26183 | D:15     | Entered Level 15 of the Dungeon
 26479 | D:15     | Found a staircase to the Depths.
 27005 | D:15     | Reached XP level 15. HP: 62/92 MP: 23/23
 28217 | D:15     | Paralysed by an ogre mage for 4 turns
 29469 | Lair:1   | Entered Level 1 of the Lair of Beasts
 29644 | Lair:1   | Found a gate leading to a gauntlet.
 29658 | Gauntlet | Entered a Gauntlet
 29658 | Gauntlet | Found a transporter.
 29661 | Gauntlet | Found a runed translucent door.
 29671 | Gauntlet | Found a transporter.
 29671 | Gauntlet | Found a transporter.
 29688 | Gauntlet | Found a transporter.
 29688 | Gauntlet | Found a transporter.
 29688 | Gauntlet | Noticed a cacodemon
 29704 | Gauntlet | Found a transporter.
 29704 | Gauntlet | Found a transporter.
 29720 | Gauntlet | Found a transporter.
 29720 | Gauntlet | Found a transporter.
 29736 | Gauntlet | Found a transporter.
 29751 | Gauntlet | Found a transporter.
 29763 | Gauntlet | Found a transporter.
 29775 | Gauntlet | Found a transporter.
 29789 | Gauntlet | Found a transporter.
 29796 | Gauntlet | Found a runed translucent door.
 29862 | Gauntlet | Identified the ring of the Smoking King {SInv Stlth+}
 29972 | Gauntlet | Identified the +8 plate armour of Ucim {rF+ rC+ Str+2
                  | Dex+3}
 31379 | Lair:2   | Reached skill level 5 in Armour
 31480 | Lair:2   | Found a frozen archway.
 31535 | IceCv    | Entered an ice cave
 31642 | IceCv    | Reached skill level 5 in Hexes
 32623 | IceCv    | Identified the amulet "Coerypt" {rElec Regen+ Str+4 Dex+3
                  | Stlth-}
 32889 | Lair:2   | Reached skill level 10 in Evocations
 33821 | Lair:3   | Noticed Amaemon
 33833 | Lair:3   | Killed Amaemon
 33917 | Lair:3   | Reached XP level 16. HP: 97/99 MP: 26/26
 33984 | Lair:3   | Found a hole to the Spider Nest.
 34347 | Lair:3   | Found a staircase to the Shoals.
 35163 | Lair:4   | Found a staircase to the Slime Pits.
 35672 | Lair:5   | Entered Level 5 of the Lair of Beasts
 35706 | Slime:1  | Entered Level 1 of the Pits of Slime
 35771 | Lair:5   | Learned a level 1 spell: Apportation
 35777 | Lair:5   | Learned a level 5 spell: Summon Mana Viper
 35983 | Lair:5   | Reached skill level 15 in Stealth
 36502 | Lair:5   | Found a runed translucent door.
 36532 | Lair:5   | Noticed Rupert
 36556 | Lair:5   | Killed Rupert
 36676 | Lair:5   | Identified the +0 ring mail of the Evening Star {*Slow rF-
                  | rN+++ Str+3}
 37845 | Lair:5   | Reached XP level 17. HP: 104/104 MP: 28/28
 38152 | D:15     | Learned a level 6 spell: Summon Cactus Giant
 38162 | D:15     | Bought the +7 captain's cutlass {speed, disarm} for 972
                  | gold pieces
 38162 | D:15     | Found the +7 captain's cutlass {speed, disarm}
 38434 | Spider:1 | Entered Level 1 of the Spider Nest
 39837 | Spider:1 | HP: 4/106 [steelbarb worm (11)]
 40873 | Spider:2 | Noticed Asterion
 40881 | Spider:2 | Killed Asterion
 41573 | D:15     | Bought an ancient buckler for 323 gold pieces
 41573 | D:15     | Identified the +0 buckler "Sinudwy" {Harm *Slow rElec
                  | Str+2} (You bought it in a shop on level 15 of the Dungeon)
 41577 | D:15     | Bought a scroll of enchant weapon for 97 gold pieces
 42953 | Spider:3 | Reached skill level 1 in Shields
 43997 | Spider:4 | Entered Level 4 of the Spider Nest
 44402 | Spider:4 | Reached skill level 15 in Dodging
 44641 | Spider:4 | Reached XP level 18. HP: 112/112 MP: 30/30
 46631 | Spider:4 | Got a gossamer rune of Zot
 46654 | Spider:4 | Reached skill level 10 in Long Blades
 46654 | Spider:4 | Reached XP level 19. HP: 117/117 MP: 28/31
 46959 | D:15     | Bought the ring "Wetzu" {Fly rElec Int+6 Dex-4} for 742
                  | gold pieces
 47182 | Shoals:1 | Entered Level 1 of the Shoals
 48070 | Shoals:1 | Found a runed translucent door.
 50478 | Shoals:3 | Reached XP level 20. HP: 124/124 MP: 33/33
 51010 | Shoals:3 | Learned a level 4 spell: Summon Ice Beast
 51025 | Shoals:3 | Identified the ring of Conformity {rElec rPois SInv}
 51271 | Shoals:4 | Entered Level 4 of the Shoals
 51356 | Shoals:4 | Identified the +3 mace of Agony {heavy, *Corrode rN+ SInv}
 51373 | Shoals:4 | Identified the +4 whip of Honesty {vamp, rPois rF+ MP+9
                  | Stlth+}
 51740 | Shoals:4 | HP: 1/124 [tentacle[a kraken] (9)]
 51855 | Shoals:3 | Paralysed by a formless jellyfish for 1 turns
 51962 | Shoals:4 | Got a barnacled rune of Zot
 52465 | Shoals:4 | Noticed Polyphemus
 52497 | Shoals:4 | Killed Polyphemus
 53514 | Shoals:1 | Noticed Conn's ghost (journeyman OpFE)
 53518 | Shoals:1 | Killed Conn's ghost
 53722 | Orc:1    | Killed Dustruala's ghost
 53770 | Orc:1    | Bought a scroll of amnesia for 76 gold pieces
 53935 | D:13     | Found a runed translucent gate.
 53935 | D:13     | Found a runed translucent gate.
 53935 | D:13     | Found a runed translucent gate.
 53937 | D:13     | Noticed a tentacled monstrosity
 53940 | D:13     | Noticed Keipuchu's ghost (journeyman OpFi)
 53966 | D:13     | Killed Keipuchu's ghost
 53984 | D:13     | Killed a tentacled monstrosity
 54110 | D:15     | Bought a scroll of teleportation for 36 gold pieces
 54224 | Vaults:1 | Entered Level 1 of the Vaults
 54488 | Elf:1    | Entered Level 1 of the Elven Halls
 54575 | Elf:1    | Identified a scroll of acquirement
 54576 | Elf:1    | Acquired the amulet "Bumoyjo" {Spirit rF++ rC+}
 54777 | Elf:1    | Noticed Donald
 54794 | Elf:1    | Killed Donald
 55095 | Elf:1    | Got the Handbook of Corpses
 55231 | Elf:1    | Reached skill level 10 in Spellcasting
 55248 | Elf:1    | Reached XP level 21. HP: 129/129 MP: 21/35
 55326 | Elf:1    | Reached skill level 10 in Summonings
 55548 | Elf:1    | Noticed Jorgrun
 55552 | Elf:1    | Killed Jorgrun
 55560 | Elf:1    | Noticed Kirke
 55566 | Elf:1    | Killed Kirke
 55784 | Elf:1    | Reached skill level 5 in Shields
 55807 | Elf:1    | Reached skill level 5 in Translocations
 56807 | Elf:2    | Noticed Saint Roka
 56931 | Elf:2    | Killed Saint Roka
 57109 | Elf:1    | HP: 3/97 [+4 war axe of draining (16)]
 57109 | Elf:1    | Slain by a +4 war axe of draining

Illustrated notes

Levels and vault maps discovered:
D:1:      dpeg_arrival_water_fire, layout_basic, dreamdust_princess_corridor
D:2:      layout_loops_ring, uniq_jessica
D:3:      layout_rooms, shapermc_ecumenical_altar_gd, serial_shops, shop
D:4:      layout_basic, slow_altar_1, old_standard_altar,
          minmay_temple_entry_waves, serial_shops, nicolae_shop_tiny_waterfront,
          shop, minmay_misc_feat_iff
D:5:      layout_rooms, grunt_ministairs_5, hangedman_decor_clover_reticule,
          minmay_fractal_squares_diagonal_5
D:6:      layout_basic, kennysheep_mini, jmf_multi_god_temple2, elyvilon_altar_1
D:7:      layout_rooms, nicolae_tso_carved_into_rock, kiku_gazebo_garden_becter,
          hangedman_abyss_or_decor_passed, minmay_ruffians, uniq_menkaure
D:8:      layout_basic, enter_ossuary_4
D:9:      layout_long_grid, minmay_lair_entry_grove, uniq_erolcha
D:10:     layout_loops_ring, chequers_serial_rivers_micro_a, roderic_batcave,
          uniq_nergalle
D:11:     layout_stronghold, orc_0_dummy, dilly_guarded_unrand_elemental_staff,
          uniq_erica
D:12:     layout_loops_ring, serial_shops, nicolae_stop_n_shop_2
D:13:     layout_loops_ring, ximxim_vaults_locker_room,
          ploomutoo_gammafunk_ghost_potion_laboratory
D:14:     layout_roguey, serial_shops, nicolae_diamond_shop,
          kennysheep_generic_room_11
D:15:     hangedman_depths_entry_civil_slaughter, layout_stronghold,
          minmay_misc_feat_diagonals
Temple:   jpeg_temple_clearing
Lair:1:   layout_layer_cave, gauntlet_entry_generic, serial_bayou_shore_b,
          serial_bayou_shore_b
Lair:2:   layout_chaotic_city, portal_ice_cave_entry_imps
Lair:3:   layout_gridlike, minmay_shoals_entry_centaurs,
          nicolae_spider_entry_non_spiders, uniq_amaemon
Lair:4:   layout_misc_corridors, slime_entry_1
Lair:5:   wormcave, layout_regular_city, hangedman_lair_in_review,
          kennysheep_rathole, uniq_rupert
Shoals:1: layout_shoals, ebering_ghost_reflecting_pool,
          nicolae_shoals_lost_giant_baths
Shoals:2: layout_shoals
Shoals:3: layout_shoals, nicolae_shoals_siren_and_animal_friends
Shoals:4: shoals_end_hangedman, layout_shoals, uniq_polyphemus
Spider:1: layout_spider_delve, drop_trap
Spider:2: layout_cave_pods, uniq_asterion
Spider:3: layout_cave_pods, nicolae_spider_paper_wasps
Spider:4: grunt_spider_rune_circles
Slime:1:  layout_caves
Orc:1:    layout_caves, hellmonk_ghost_happy_afterlife, serial_shops, shop,
          nicolae_shop_tiny_statue_garden, shop, nicolae_shop_waterfront,
          uniq_harold
Orc:2:    grunt_orc_cross, layout_caves, uniq_snorg
Elf:1:    minmay_elf_arrival_summoners, layout_gridlike, minmay_elf_necromancy,
          grunt_megastairs_2, uniq_donald, uniq_kirke, uniq_jorgrun
Elf:2:    nicolae_elf_blades_crystal_corner, layout_gridlike, uniq_nikola,
          uniq_saint_roka
Vaults:1: nicolae_vaults_frosty_reception, vaults_room_grid,
          ontoclasm_vaults_misaligned, v_misc_32, nicolae_vaults_double_plus_1,
          nicolae_vaults_house_1, layout_vaults_quadrants, serial_shops,
          nicolae_shop_waterfront

Skill      XL: |  1  2  3  4  5  6  7  8  9 10 11 12 13 14 15 16 17 18 19 20 21 |
---------------+----------------------------------------------------------------+-----
Short Blades   | 3 4 5 6 7 8 9 |  9.8
Fighting       | 4 5 6 7 8 9 10 11 12 13 | 13.4
Dodging        | 3 4 5 6 7 8 9 10 11 12 13 15 16 17 | 17.4
Stealth        | 7 8 9 10 11 12 13 14 15 16 17 | 17.7
Transmutations | 1 2 3 5 7 |  7.6
Throwing       | 2 3 6 |  6.0
Evocations     | 2 3 4 6 7 8 9 10 11 12 13 | 13.5
Earth Magic    | 1 |  1.6
Conjurations   | 2 3 4 |  4.2
Air Magic      | 2 3 4 5 |  5.0
Armour         | 2 3 4 5 |  5.0
Summonings     | 2 3 4 5 6 7 8 9 10 | 10.1
Spellcasting   | 1 3 4 5 6 7 8 9 10 | 10.2
Long Blades    | 1 3 5 7 8 9 10 11 12 | 12.3
Translocations | 1 3 4 5 |  5.2
Hexes          | 1 3 5 7 8 9 |  9.1
Shields        | 1 2 3 4 5 |  5.1

Action                     |  1- 3 |  4- 6 |  7- 9 | 10-12 | 13-15 | 16-18 | 19-21 || total
---------------------------+-------+-------+-------+-------+-------+-------+-------++-------
  Melee: Short sword       |     2 |    29 |   793 |   141 |       |       |       ||   965
         Punch             |       |     1 |    17 |    20 |    35 |    12 |       ||    85
         Dagger            |       |       |       |   828 |   912 |   148 |       ||  1888
         Scimitar          |       |       |       |    61 |   695 |    12 |       ||   768
         Double sword      |       |       |       |       |    55 |   460 |       ||   515
         Cutlass           |       |       |       |       |       |   853 |   939 ||  1792
         Demon blade       |       |       |       |       |       |    36 |    50 ||    86
  Throw: Throwing net      |       |       |     5 |     5 |     5 |     1 |       ||    16
         Dart              |       |       |       |     2 |    41 |     5 |       ||    48
         Boomerang         |       |       |       |       |     1 |       |       ||     1
   Cast: Vhi's Electric Ch |       |       |       |       |    25 |    10 |    24 ||    59
         Shock             |       |       |       |       |     1 |       |       ||     1
         Passwall          |       |       |       |       |     1 |       |       ||     1
         Summon Mana Viper |       |       |       |       |       |    56 |    60 ||   116
         Yara's Violent Un |       |       |       |       |       |     1 |       ||     1
         Call Canine Famil |       |       |       |       |       |       |     6 ||     6
         Summon Ice Beast  |       |       |       |       |       |       |    29 ||    29
         Summon Cactus Gia |       |       |       |       |       |       |    17 ||    17
         Apportation       |       |       |       |       |       |       |     5 ||     5
 Invoke: Call Merchant     |       |       |       |       |     2 |     3 |     1 ||     6
  Evoke: Wand              |       |       |     6 |     3 |    36 |    10 |    31 ||    86
         Condenser vane    |       |       |       |       |     1 |     1 |     1 ||     3
         Lightning rod     |       |       |       |       |       |       |     2 ||     2
    Use: Scroll            |       |     1 |    12 |     9 |    13 |     8 |     8 ||    51
         Potion            |       |     1 |       |       |    12 |     6 |     1 ||    20
   Stab: Sleeping          |     2 |     2 |    50 |    48 |    58 |    73 |    82 ||   315
         Distracted        |       |       |     3 |     7 |    15 |    17 |    32 ||    74
         Held in net/web   |       |       |     2 |     5 |     9 |     1 |       ||    17
         Invisible         |       |       |       |       |     6 |     3 |       ||     9
         Betrayed ally     |       |       |       |       |     1 |       |       ||     1
         Petrified         |       |       |       |       |       |     5 |       ||     5
 Armour: Leather armour    |       |     8 |    28 |   235 |   407 |   383 |   121 ||  1182
         Robe              |       |       |    55 |       |       |       |       ||    55
  Dodge: Dodged            |       |    27 |   444 |   650 |  1414 |  1753 |   680 ||  4968
         Repelled          |       |       |       |     2 |     4 |     7 |    10 ||    23
  Block: Other             |       |       |    48 |   185 |   295 |       |       ||   528
         Reflection        |       |       |     1 |     4 |     5 |       |       ||    10
         Buckler           |       |       |       |       |       |    78 |   171 ||   249

Table legend: (Time is in decaauts)
 A = Elapsed time spent in this place.
 B = Non-inter-level travel time spent in this place.
 C = Inter-level travel time spent in this place.
 D = Time resting spent in this place.
 E = Time spent auto-exploring this place.
 F = Levels seen in this place.
 G = Mean time per level.
                   A        B        C        D        E       F      G
               +--------+--------+--------+--------+--------+-----+--------+
         Total |  54958 |  47948 |   7010 |   8667 |  25731 |  38 | 1446.3 |
       Dungeon |  25368 |  20876 |   4492 |   4549 |  11079 |  15 | 1691.2 |
        Temple |    192 |    106 |     86 |      0 |     84 |   1 |  192.0 |
          Lair |   7267 |   6359 |    908 |     20 |   4235 |   5 | 1453.4 |
        Shoals |   6032 |   5744 |    288 |    709 |   3406 |   4 | 1508.0 |
   Spider Nest |   7034 |   6214 |    820 |    769 |   3762 |   4 | 1758.5 |
    Slime Pits |      1 |      1 |      0 |      0 |      0 |   1 |    1.0 |
  Orcish Mines |   4833 |   4545 |    288 |   1647 |   1544 |   2 | 2416.5 |
   Elven Halls |   2473 |   2348 |    125 |    207 |   1607 |   2 | 1236.5 |
        Vaults |     63 |     62 |      1 |      0 |     13 |   1 |   63.0 |
       Ossuary |    225 |    225 |      0 |      0 |      0 |   1 |  225.0 |
      Ice Cave |   1147 |   1147 |      0 |    733 |      0 |   1 | 1147.0 |
      Gauntlet |    317 |    317 |      0 |     31 |      0 |   1 |  317.0 |
               +--------+--------+--------+--------+--------+-----+--------+

Top non-repeatable levels by time:
   Orc:1: 2972 daAuts
    D:15: 2814 daAuts
Spider:4: 2396 daAuts
    D:14: 2271 daAuts
  Lair:5: 2103 daAuts
     D:4: 2029 daAuts
   Elf:1: 1983 daAuts
    D:13: 1922 daAuts
   Orc:2: 1861 daAuts
     D:5: 1851 daAuts
     D:9: 1843 daAuts
    D:12: 1767 daAuts
Shoals:4: 1674 daAuts
    D:11: 1659 daAuts
     D:6: 1659 daAuts
